Map: Romanticide LE

Players

PiLiPiLi - Winner!

  • Race: Protoss Protoss

Nina

  • Race: Protoss Protoss

Event: DreamHack SC2 Masters 2021 Fall

VOD

Have the link to the VOD?

Description

Time

  • Played on: Aug. 7, 2021, 4:57 p.m.
  • Length: 7:59

All games in this series

Show
View Real Time Build Order
Export as new Build Order

PiLiPiLi Protoss - Winner!

Build Orders: Blink Stalkers 

Get SALT Encoding   

  12  0:00  Probe  
  13  0:12  Probe  
  14  0:17  Pylon  
  14  0:24  Probe (Chrono Boost)  
  15  0:37  Gateway, Probe (Chrono Boost)  
  16  0:44  Probe (Chrono Boost)  
  16  0:46  Assimilator  
  17  0:51  Probe  
  17  0:55  Assimilator  
  18  1:03  Probe (Chrono Boost)  
  19  1:08  Gateway  
  19  1:15  Probe (Chrono Boost)  
  20  1:20  Probe (Chrono Boost)  
  20  1:25  Cybernetics Core  
  21  1:29  Probe  
  22  1:36  Pylon  
  22  1:41  Probe  
  23  1:55  Probe  
  24  2:02  Stalker x2  
  24  2:04  Warp Gate  
  28  2:19  Twilight Council  
  28  2:31  Pylon  
  28  2:33  Stalker  
  30  2:49  Stalker  
  30  2:50  Gateway  
  32  2:55  Blink (Chrono Boost)  
  32  3:12  Stalker  
  34  3:19  Pylon  
  34  3:27  Pylon  
  34  3:46  Gateway  
  34  3:55  Stalker x3  
  36  4:01  Pylon  
  40  4:20  Stalker x2  
  40  4:21  Stalker  
  45  4:50  Stalker x2  
  45  4:51  Stalker  
  45  4:52  Stalker  
  37  5:14  Stalker  
  37  5:20  Stalker x2  
  33  5:33  Stalker  
  29  5:53  Stalker  
  29  5:54  Stalker x2  
  29  5:56  Stalker  
  33  6:26  Stalker x3  
  39  6:33  Adept  
  37  7:02  Stalker x3  
  37  7:05  Stalker  
  33  7:38  Stalker x3  
  33  7:40  Stalker  
Show
View Real Time Build Order
Export as new Build Order

Nina Protoss 

Build Orders: Phoenix Opening 

Get SALT Encoding   

  12  0:00  Probe  
  13  0:12  Probe  
  14  0:17  Pylon  
  14  0:24  Probe (Chrono Boost)  
  15  0:36  Probe (Chrono Boost)  
  15  0:37  Gateway  
  16  0:45  Probe (Chrono Boost)  
  16  0:47  Assimilator  
  17  0:51  Probe  
  17  0:55  Assimilator  
  18  1:03  Probe (Chrono Boost)  
  19  1:07  Gateway  
  19  1:12  Probe (Chrono Boost)  
  19  1:17  Probe (Chrono Boost)  
  20  1:24  Cybernetics Core  
  21  1:29  Probe  
  22  1:39  Pylon  
  22  1:41  Probe  
  23  1:57  Probe  
  24  2:02  Stalker x2  
  24  2:08  Warp Gate  
  28  2:09  Probe  
  28  2:14  Pylon  
  29  2:21  Probe  
  30  2:22  Pylon  
  30  2:33  Probe  
  30  2:35  Sentry, Stalker  
  35  2:41  Shield Battery  
  35  2:45  Pylon, Probe  
  36  2:57  Probe  
  37  3:06  Stalker  
  37  3:07  Sentry  
  37  3:09  Probe  
  41  3:20  Phoenix  
  41  3:26  Nexus  
  41  3:30  Shield Battery  
  41  3:33  Probe  
  42  3:45  Probe  
  43  3:49  Twilight Council  
  43  3:56  Stalker  
  43  3:58  Stalker  
  47  4:03  Pylon  
  47  4:21  Probe  
  47  4:22  Stalker x2  
  52  4:27  Blink (Chrono Boost)  
  48  4:46  Stalker x2  
  48  4:51  Shield Battery  
  52  5:01  Pylon  
  52  5:05  Stalker x2  
  40  5:27  Stalker x2  
  36  5:37  Probe  
  36  5:42  Gateway  
  35  5:49  Stalker  
  35  5:50  Stalker  
  35  5:56  Probe  
  38  6:01  Shield Battery  
  38  6:09  Stalker x2  
  30  6:33  Stalker x2  
  30  6:37  Stalker  
  34  6:58  Pylon  
  32  7:09  Pylon  
  32  7:25  Stalker  
  26  7:38  Stalker  
  24  7:49  Stalker  

Tags
 
Add a new tag
Caveats
  • Supply blocks, unpowered buildings, or Contaminate may cause inaccurate times.
  • Supply counts are checked every 10 seconds.